 Dungeon Crawl Stone Soup version 0.29.1-15-g9cfb28693d (webtiles) character file.

Game seed: 10162622814886363122

33054 javelincjr the Fighter (level 13, -5/111 HPs)
             Began as a Demonspawn Hedge Wizard on Apr 1, 2023.
             Was a High Priest of Sif Muna.
             Slain by a white ugly thing (48 damage)
             ... on level 14 of the Dungeon.
             The game lasted 01:55:46 (17657 turns).

javelincjr the Fighter (Demonspawn Hedge Wizard)   Turns: 17657, Time: 01:55:47

Health: -5/111     AC: 12    Str: 16    XL:     13   Next: 34%
Magic:  22/26      EV: 14    Int: 19    God:    Sif Muna [*****.]
Gold:   2115       SH:  0    Dex: 17    Spells: 8/30 levels left

rFire   + . .      SeeInvis +   k - +4 rapier (flame)
rCold   x . .      Faith    .   (no shield)
rNeg    . . .      Spirit   .   q - +1 ring mail "Wees" {Regen+}
rPois   .          Reflect  .   M - +1 hat "Suuqiaq" {Dex+2}
rElec   +          Harm     .   (cloak unavailable)
rCorr   .          Rampage  .   n - +0 pair of gloves
Will    .....                   A - +2 pair of boots
Stlth   +++++.....              B - amulet of magic regeneration
HPRegen 1.08/turn               l - ring of wizardry
MPRegen 0.60/turn               I - ring "Ekaodof" {Fire rElec Int+2 Dex-2}

@: studying Polearms
A: thin skeletal structure 2, powered by death 2, demonic magic 2, weakness
stinger 3, see invisible, robust 1, strong 1
a: Renounce Religion, Channel Magic, Forget Spell, Divine Exegesis


You were on level 14 of the Dungeon.
You worshipped Sif Muna.
Sif Muna was extremely pleased with you.
You visited 2 branches of the dungeon, and saw 15 of its levels.

You collected 2115 gold pieces.

Inventory:

Hand Weapons
 c - a +4 short sword of electrocution
 h - a +3 dagger of protection
 k - a +4 rapier of flaming (weapon)
 S - a +4 spear
Missiles
 W - 4 throwing nets
 Y - 5 silver javelins
Armour
 e - a +0 buckler
 n - a +0 pair of gloves (worn)
 q - the +1 ring mail "Wees" (worn) {Regen+}
   (You found it on level 8 of the Dungeon)

   Regen:     It increases your rate of health regeneration.
 u - the +1 cloak of Gogon {+Blink}
   (You acquired it on level 6 of the Dungeon)

   +Blink:    It lets you blink.
 A - a +2 pair of boots (worn)
 M - the +1 hat "Suuqiaq" (worn) {Dex+2}
   (You acquired it on level 6 of the Dungeon)

   Dex:       It affects your dexterity (+2).
Jewellery
 i - a +6 ring of intelligence
 l - a ring of wizardry (left hand)
 t - an amulet of reflection
 y - a +6 ring of strength
 B - an amulet of magic regeneration (around neck)
 C - a ring of flight
 I - the ring "Ekaodof" (right hand) {Fire rElec Int+2 Dex-2}
   (You found it on level 13 of the Dungeon)

   [ring of fire]

   It enhances your fire magic.
   Int:       It affects your intelligence (+2).
   Dex:       It affects your dexterity (-2).
   rF:        It protects you from fire.
   rC:        It makes you vulnerable to cold.
   rElec:     It insulates you from electricity.
Wands
 v - a wand of light (11)
 F - a wand of mindburst (19)
 G - a wand of charming (23)
 P - a wand of polymorph (4)
 R - a wand of iceblast (15)
Scrolls
 a - 3 scrolls of poison
 m - 3 scrolls of vulnerability
 r - 2 scrolls of fear
 x - 7 scrolls of teleportation
 D - a scroll of silence {unknown}
 H - 3 scrolls of fog {unknown}
 K - 3 scrolls of magic mapping
 O - a scroll of blinking
 Z - 2 scrolls of amnesia
Potions
 b - a potion of berserk rage {unknown}
 d - 3 potions of magic
 f - 7 potions of lignification
 g - 2 potions of haste
 j - 2 potions of flight
 o - 5 potions of curing
 p - 5 potions of heal wounds {unknown}
 s - a potion of resistance
 w - 3 potions of attraction {unknown}
 z - 2 potions of cancellation {unknown}
 J - a potion of ambrosia
 L - 3 potions of degeneration {unknown}
 N - 2 potions of brilliance {unknown}
 U - a potion of invisibility {unknown}
Miscellaneous
 E - a piece from Xom's chessboard (15/15)
 V - a tin of tremorstones (2/2)


   Skills:
 * Level 9.6 Fighting
 + Level 1.4 Short Blades
 + Level 6.0 Armour
 + Level 6.4 Dodging
 + Level 6.3 Stealth
 * Level 9.4 Spellcasting
 + Level 6.7 Conjurations
 + Level 6.9 Summonings
 + Level 7.0 Necromancy
 + Level 6.2 Translocations
 + Level 1.4 Fire Magic
 + Level 8.6 Invocations


You had 8 spell levels left.
You knew the following spells:

 Your Spells              Type           Power      Damage    Failure   Level
a - Magic Dart            Conj           100%       1d8       1%          1
b - Call Imp              Summ           35%        N/A       1%          2
c - Blink                 Tloc           64%        N/A       1%          2
d - Mephitic Cloud        Conj/Pois/Air  17%        N/A       6%          3
e - Ensorcelled Hibernat  Hex/Ice        16%        N/A       9%          2
f - Lesser Beckoning      Tloc           32%        N/A       1%          3
g - Scorch                Fire           42%        2d7       4%          2
h - Flame Wave            Conj/Fire      36%        2d10      11%         4
i - Tukima's Dance        Hex            8%         N/A       16%         3

Your spell library contained the following spells:

 Spells                   Type           Power      Damage    Failure   Level
 Conjure Flame            Conj/Fire      36%        6-21      3%          3
 Portal Projectile        Hex/Tloc       40%        N/A       4%          3
 Slow                     Hex            32%        N/A       6%          1
 Passwall                 Tmut/Erth      6%         N/A       9%          2
 Manifold Assault         Tloc           32%        N/A       12%         5
 Anguish                  Hex/Necr       11%        N/A       13%         4
 Summon Ice Beast         Ice/Summ       22%        N/A       13%         4
 Spider Form              Tmut/Pois      8%         N/A       16%         3
 Swiftness                Air            8%         N/A       16%         3
 Irradiate                Conj/Tmut      10%        3d15      34%         5
 Summon Mana Viper        Hex/Summ       22%        N/A       34%         5
 Summon Cactus Giant      Summ           17%        N/A       43%         6
 Blade Hands              Tmut           4%         N/A       80%         5
 Monstrous Menagerie      Summ           17%        N/A       92%         7
 Malign Gateway           Summ/Tloc      16%        N/A       95%         7
 Dragon Form              Tmut           4%         N/A       100%        7
 Summon Horrible Things   Summ           17%        N/A       100%        8


Dungeon Overview and Level Annotations

Branches:
Dungeon (14/15)            Temple (1/1) D:6            Lair (0/5) D:8
    Orc (0/2) D:12
 Vaults: D:13-14

Altars:
Ashenzari
Cheibriados
Dithmenos
Fedhas
Gozag
Hepliaklqana
Kikubaaqudgha
Makhleb
Nemelex Xobeh
Qazlal
Ru
Sif Muna
Trog
Uskayaw
Vehumet
Wu Jian
Xom
Yredelemnul

Shops:
D:6 =

Portals:
Trove: D:11 (give 12 potions of heal wounds)

Annotations:
D:3 Sigmund


Innate Abilities, Weirdness & Mutations

You have a moderately thin skeletal structure. (Dex +4, Stealth++)
You regenerate health from kills.
Spells you cast may paralyse nearby enemies.
You have a sharp stinger which inflicts weakening toxins.
You have supernaturally acute eyesight. (SInv)
You are robust. (+10% HP)
Your muscles are strong. (Str +4, Int/Dex -1)


Message History

Malevolent energies surge around you.
Casting: Magic Dart (safe; 1% risk of failure)
Confirm with . or Enter, or press ? or * to list all spells.
You can't see any susceptible monsters within range! (Use Z to cast anyway.)
Casting: Magic Dart (safe; 1% risk of failure)
Confirm with . or Enter, or press ? or * to list all spells.
Aiming: Magic Dart (safe; 1% risk of failure)
Press: ? - help, Shift-Dir - straight line, f/p - white ugly thing
Aim: a white ugly thing (lightly wounded, ally target, 100% to hit)
The magic dart hits the white ugly thing.
The white ugly thing is lightly wounded.
Malevolent energies surge around you.
Casting: Magic Dart (safe; 1% risk of failure)
Confirm with . or Enter, or press ? or * to list all spells.
You can't see any susceptible monsters within range! (Use Z to cast anyway.) Unknown command.
Casting: Magic Dart (safe; 1% risk of failure)
Confirm with . or Enter, or press ? or * to list all spells.
Aiming: Magic Dart (safe; 1% risk of failure)
Press: ? - help, Shift-Dir - straight line, f/p - white ugly thing
Aim: a white ugly thing (lightly wounded, ally target, 100% to hit)
The magic dart hits the white ugly thing.
The white ugly thing is moderately wounded.
Malevolent energies surge around you.
Casting: Magic Dart (safe; 1% risk of failure)
Confirm with . or Enter, or press ? or * to list all spells.
You feel a surge of power!
Flames lash the white ugly thing.
The white ugly thing is moderately wounded.
The white ugly thing's fire resistance burns away.
Malevolent energies surge around you.
Casting: Scorch (safe; 4% risk of failure)
Confirm with . or Enter, or press ? or * to list all spells.
You feel a surge of power!
Flames lash the white ugly thing.
The white ugly thing is burned terribly!
The white ugly thing is heavily wounded.
Malevolent energies surge around you.
The white ugly thing attacks as you move away!
The white ugly thing kicks you! The white ugly thing freezes you!!!
You feel a terrible chill!
You die...

#.#.#.#.#...>.........#
#.#.#.....#.......<...#
+#+#
#.#.###.....###########
.... #.#........)# ....
#.############## ....
#..†)......5...# '#+#
##############.# ~≈§
#.# ## # #@# #u# #5#
#.# #.# #.# #.#
#.....#u# ....
#....##.# .....


You could see 2 ugly things and a friendly crimson imp (summoned).

Vanquished Creatures
  The ghost of LustLizard the Slicer, a journeyman KoBr of Uskayaw (D:13)
  Harold (D:10)
  A vault guard (D:13)
  2 boulder beetles
  3 hydras
  3 two-headed ogres
  A tengu warrior (D:14)
  Nergalle (D:10)
  Lodul (D:14)
  A manticore (D:13)
  A cyclops (D:14)
  2 deep elf pyromancers
  9 ugly things
  2 gargoyles
  Maggie (D:6)
  A komodo dragon (shapeshifter) (D:13)
  2 rime drakes (D:13)
  2 unseen horrors
  An efreet (D:13)
  2 guardian mummies (D:11)
  2 ice devils (D:13)
  2 tengu conjurers (D:14)
  6 trolls
  A shadow (D:9)
  5 centaur simulacra (D:13)
  17 yaks
  3 vampires
  2 wraiths
  A wyvern (D:8)
  9 humans
  A steam dragon (D:9)
  Grum (D:8)
  2 wargs (D:12)
  An acid dragon (D:11)
  Duvessa (Temple)
  10 orc warriors
  A meliai simulacrum (D:13)
  2 ice beasts (D:7)
  3 black bears
  4 wolves (D:8)
  8 ogres
  11 centaurs
  A bullfrog (D:9)
  4 gnoll sergeants
  2 scorpions
  2 necrophages
  7 wights
  Dowan (Temple)
  7 killer bees
  A howler monkey (D:7)
  An electric eel (D:10)
  2 jellies
  9 orc priests
  Crazy Yiuf (D:6)
  3 hounds
  Jessica (D:3)
  14 orc wizards
  An iguana (D:7)
  3 adders
  15 gnolls
  2 white imps
  2 ufetubi
  2 worms (D:2)
  2 dart slugs (D:1)
  35 orcs
  6 endoplasms
  4 giant cockroaches
  6 goblins
  7 hobgoblins
  A jackal (D:4)
  7 kobolds
  7 quokkas
  2 ball pythons
  5 bats
  3 frilled lizards
  8 rats
305 creatures vanquished.

Vanquished Creatures (collateral kills)
  A boulder beetle (D:12)
  A cyclops (D:13)
  4 yaks
  3 humans
  A black bear (D:4)
  A necrophage (D:6)
  A wight (D:6)
  3 killer bees
  A howler monkey (D:6)
  A crimson imp (D:8)
  A hound (D:5)
  An orc wizard (D:7)
  An iguana (D:5)
  An ufetubus (D:4)
  7 orcs
  2 goblins
  2 hobgoblins (D:2)
  5 jackals (D:4)
  A quokka (D:4)
  2 kobolds
  2 rats (D:2)
42 creatures vanquished.

Vanquished Creatures (others)
  An orc wizard (D:7)
  2 orcs (D:13)
  4 toadstools (D:1)
7 creatures vanquished.

Grand Total: 354 creatures vanquished

Notes
Turn   | Place    | Note
-------+----------+-------------------------------------------
     0 | D:1      | javelincjr the Demonspawn Hedge Wizard began the quest for
                  | the Orb.
     0 | D:1      | Reached XP level 1. HP: 13/13 MP: 4/4
   219 | D:1      | Reached skill level 1 in Translocations
   382 | D:1      | Gained mutation: You have a small tail. [demonic ancestry]
   382 | D:1      | Reached XP level 2. HP: 20/20 MP: 0/6
   832 | D:1      | Reached skill level 1 in Fighting
  1208 | D:1      | Gained mutation: You have a tail ending in a sharp stinger.
                  | [demonic ancestry]
  1208 | D:1      | Reached XP level 3. HP: 26/26 MP: 4/7
  1554 | D:2      | Learned a level 2 spell: Call Imp
  1557 | D:2      | Learned a level 2 spell: Blink
  2065 | D:2      | Reached skill level 1 in Armour
  2065 | D:2      | Reached XP level 4. HP: 32/32 MP: 2/9
  2260 | D:3      | Found a faded altar of an unknown god.
  2269 | D:3      | Prayed at the altar of an unknown god.
  2269 | D:3      | Became a worshipper of Uskayaw the Reveller
  2269 | D:3      | Reached * piety under Uskayaw
  2352 | D:3      | Noticed Jessica
  2361 | D:3      | Killed Jessica
  2482 | D:3      | Noticed Sigmund
  3885 | D:4      | Fell from the grace of Uskayaw
  3910 | D:4      | Noticed a black bear
  3922 | D:4      | Paralysed by the fury of Uskayaw for 3 turns
  3930 | D:4      | Killed a black bear
  3931 | D:4      | Gained mutation: You regenerate a little health from kills.
                  | [demonic ancestry]
  3931 | D:4      | Reached XP level 5. HP: 38/38 MP: 4/10
  4176 | D:4      | Reached skill level 1 in Invocations
  4424 | D:5      | Entered Level 5 of the Dungeon
  4471 | D:5      | Gained mutation: Spells you cast may paralyse adjacent
                  | enemies. [demonic ancestry]
  4471 | D:5      | Reached XP level 6. HP: 37/46 MP: 7/12
  4556 | D:5      | Noticed a yak
  4560 | D:5      | Noticed a yak
  4587 | D:4      | Reached skill level 1 in Necromancy
  4721 | D:5      | Paralysed by the fury of Uskayaw for 2 turns
  4843 | D:5      | Learned a level 3 spell: Mephitic Cloud
  4989 | D:5      | Gained mutation: You regenerate health from kills. [demonic
                  | ancestry]
  4989 | D:5      | Reached XP level 7. HP: 40/52 MP: 2/13
  5141 | D:5      | Noticed a yak
  5154 | D:5      | Killed a yak
  5380 | D:5      | Killed a yak
  5386 | D:5      | Killed a yak
  5387 | D:5      | Gained mutation: You have a somewhat thin skeletal
                  | structure. (Dex +2, Stealth+) [demonic ancestry]
  5387 | D:5      | Reached XP level 8. HP: 60/60 MP: 9/15
  5763 | D:6      | Reached skill level 5 in Spellcasting
  6043 | D:6      | Found a runed translucent door.
  6044 | D:6      | Noticed Crazy Yiuf
  6056 | D:6      | Killed Crazy Yiuf
  6400 | D:6      | Paralysed by the fury of Uskayaw for 3 turns
  6414 | D:6      | Paralysed by the fury of Uskayaw for 2 turns
  6762 | D:6      | Found a staircase to the Ecumenical Temple.
  6764 | D:6      | Noticed Duvessa
  6767 | D:6      | Noticed Dowan
  6769 | Temple   | Entered the Ecumenical Temple
  6769 | Temple   | Found a transporter.
  6769 | Temple   | Found a transporter.
  6771 | Temple   | Found a transporter.
  6771 | Temple   | Found a transporter.
  6790 | Temple   | Became a worshipper of Sif Muna the Loreminder
  6813 | Temple   | Gained mutation: You have supernaturally acute eyesight.
                  | (SInv) [potion of mutation]
  6813 | Temple   | Gained mutation: Your muscles are strong. (Str +4, Int/Dex
                  | -1) [potion of mutation]
  6813 | Temple   | Gained mutation: You are robust. (+10% HP) [potion of
                  | mutation]
  6832 | Temple   | Reached XP level 9. HP: 33/73 MP: 10/17
  6845 | Temple   | Was forgiven by Uskayaw
  7029 | Temple   | Killed Dowan
  7434 | Temple   | Killed Duvessa
  7593 | D:6      | Found Wudom's Jewellery Shop.
  7599 | D:6      | Noticed Maggie
  7616 | D:6      | Killed Maggie
  7617 | D:6      | Reached skill level 5 in Fighting
  8169 | D:6      | Identified 2 scrolls of acquirement
  8171 | D:6      | Acquired the +1 hat "Suuqiaq" {Dex+2}
  8172 | D:6      | Acquired the +1 cloak of Gogon {+Blink}
  8546 | D:6      | Found a burning altar of Makhleb.
  8546 | D:6      | Noticed a green death
  8550 | D:6      | Noticed an orange demon
  8870 | D:7      | Acquired 957 gold pieces
  9794 | D:7      | Gained mutation: You have a moderately thin skeletal
                  | structure. (Dex +4, Stealth++) [demonic ancestry]
  9794 | D:7      | Reached XP level 10. HP: 83/83 MP: 17/19
 10050 | D:8      | Reached skill level 5 in Invocations
 10165 | D:8      | Found an opulent altar of Gozag.
 10179 | D:8      | Reached * piety under Sif Muna
 10326 | D:8      | Noticed Grum
 10355 | D:8      | Killed Grum
 10719 | D:8      | Identified the +1 ring mail "Wees" {Regen+}
 10898 | D:8      | Found a staircase to the Lair.
 11584 | D:9      | Reached ** piety under Sif Muna
 12288 | D:10     | Entered Level 10 of the Dungeon
 12319 | D:10     | Reached skill level 5 in Summonings
 12319 | D:10     | Reached XP level 11. HP: 79/92 MP: 21/21
 12356 | D:10     | Learned a level 2 spell: Ensorcelled Hibernation
 12366 | D:10     | Learned a level 3 spell: Lesser Beckoning
 12404 | D:10     | Reached skill level 5 in Conjurations
 12637 | D:10     | Noticed Harold
 12648 | D:10     | Noticed a two-headed ogre
 12759 | D:10     | Killed a two-headed ogre
 12760 | D:10     | Reached skill level 5 in Dodging
 12760 | D:10     | Reached skill level 5 in Necromancy
 12766 | D:10     | Killed Harold
 12886 | D:10     | Noticed Nergalle
 12901 | D:10     | Killed Nergalle
 13003 | D:11     | Noticed a four-headed hydra
 13007 | D:11     | Reached *** piety under Sif Muna
 13017 | D:11     | Killed a four-headed hydra
 13204 | D:11     | Noticed a two-headed ogre
 13217 | D:11     | Killed a two-headed ogre
 13218 | D:11     | Reached skill level 5 in Stealth
 13218 | D:11     | Reached skill level 5 in Translocations
 13377 | D:11     | Reached skill level 5 in Armour
 13511 | D:11     | Noticed a four-headed hydra
 13522 | D:11     | Killed a four-headed hydra
 14181 | D:11     | Gained mutation: You have a sharp stinger which inflicts
                  | weakening toxins. [demonic ancestry]
 14181 | D:11     | Reached XP level 12. HP: 55/101 MP: 21/24
 14181 | D:11     | Found a portal to a secret trove of treasure.
 14424 | D:12     | Found a staircase to the Orcish Mines.
 14507 | D:12     | Noticed a boulder beetle
 14586 | D:12     | Killed a boulder beetle
 14865 | D:12     | Noticed a four-headed hydra
 14882 | D:12     | Killed a four-headed hydra
 15595 | D:13     | Noticed a two-headed ogre
 15621 | D:13     | Killed a two-headed ogre
 15675 | D:13     | Noticed a boulder beetle
 15675 | D:13     | Reached **** piety under Sif Muna
 15831 | D:13     | Killed a boulder beetle
 15953 | D:13     | Learned a level 2 spell: Scorch
 15958 | D:13     | Learned a level 4 spell: Flame Wave
 15963 | D:13     | Found a runed translucent gate.
 15963 | D:13     | Found a runed translucent gate.
 15963 | D:13     | Found a runed translucent gate.
 16036 | D:13     | Noticed LustLizard's ghost (journeyman KoBr)
 16086 | D:13     | Killed LustLizard's ghost
 16460 | D:13     | Got the ring "Ekaodof" {Fire rElec Int+2 Dex-2}
 16721 | D:13     | Gained mutation: Spells you cast may paralyse nearby
                  | enemies. [demonic ancestry]
 16721 | D:13     | Reached XP level 13. HP: 99/111 MP: 6/26
 16941 | D:14     | Noticed Lodul
 16944 | D:14     | Learned a level 3 spell: Tukima's Dance
 16953 | D:14     | Reached ***** piety under Sif Muna
 16953 | D:14     | Received a gift from Sif Muna
 16958 | D:14     | Killed Lodul
 16959 | D:14     | Reached skill level 1 in Short Blades
 17002 | D:14     | Reached skill level 1 in Fire Magic
 17657 | D:14     | Slain by a white ugly thing

Illustrated notes

Levels and vault maps discovered:
D:1:      ldierk_water_garden, layout_loops_ring, st_stairs_10
D:2:      layout_rooms
D:3:      layout_basic, basic_ecumenical_altar, uniq_jessica, uniq_sigmund
D:4:      nicolae_cairo_tiling_large_dashed, layout_rooms
D:5:      layout_basic
D:6:      dreamdust_elfheim, layout_basic, mainiacjoe_overflow_alcove_1,
          makhleb_altar_promises_db, minmay_temple_entry_mist, serial_shops,
          kennysheep_mini_moat, minmay_ruffians, uniq_maggie, uniq_duvessa,
          uniq_crazy_yiuf_cottage
D:7:      layout_loops_ring, chequers_hall_statues_corner_a, nicolae_sextant
D:8:      layout_gridville, nicolae_gozag_seed_capital, lair_entry_dummy,
          minmay_fire_ice_demons, uniq_grum
D:9:      layout_stronghold, hive_lemuel
D:10:     layout_basic, uniq_harold, uniq_nergalle
D:11:     layout_roguey, nicolae_trove_entry_path_of_doom, grunt_ministairs_6
D:12:     layout_basic, minmay_orc_entry_guard_dogs
D:13:     layout_roguey [special_room_orc], gammafunk_ghost_icy,
          lemuel_flamethrower_2
D:14:     layout_basic, ximxim_vaults_locker_room, ebering_ghost_xom, uniq_lodul
Temple:   hellmonk_temple_divided_pantheon

Skill      XL: |  1  2  3  4  5  6  7  8  9 10 11 12 13 |
---------------+----------------------------------------+-----
Translocations | 1 2 3 4 5 6 |  6.2
Fighting       | 1 2 3 4 5 7 8 9 |  9.6
Dodging        | 2 3 4 5 6 |  6.4
Armour         | 1 2 3 4 5 6 |  6.0
Spellcasting   | 4 5 6 7 8 9 |  9.4
Invocations    | 1 2 4 6 7 8 |  8.6
Summonings     | 2 3 4 5 6 |  6.9
Conjurations   | 2 3 4 5 6 |  6.7
Necromancy     | 1 2 3 4 5 6 7 |  7.0
Stealth        | 2 3 4 5 6 |  6.3
Short Blades   | 1 |  1.4
Fire Magic     | 1 |  1.4

Action                   |  1- 3 |  4- 6 |  7- 9 | 10-12 | 13-15 || total
-------------------------+-------+-------+-------+-------+-------++-------
Melee: Dagger            |    56 |    78 |   123 |   144 |       ||   401
       Tailslap          |     3 |     8 |    33 |    51 |     9 ||   104
       Punch             |       |       |     1 |     6 |       ||     7
       Rapier            |       |       |       |   166 |    44 ||   210
 Cast: Magic Dart        |    77 |    74 |   130 |   299 |    17 ||   597
       Call Imp          |     8 |    26 |    33 |    70 |    24 ||   161
       Mephitic Cloud    |       |     1 |     2 |    10 |       ||    13
       Blink             |       |       |     1 |     6 |     5 ||    12
       Ensorcelled Hiber |       |       |       |    42 |     2 ||    44
       Scorch            |       |       |       |    42 |    43 ||    85
       Flame Wave        |       |       |       |     3 |     3 ||     6
       Tukima's Dance    |       |       |       |       |     3 ||     3
Invok: Stomp             |       |     1 |       |       |       ||     1
       Renounce Religion |       |     1 |       |       |       ||     1
  Use: Scroll            |       |       |    11 |    12 |       ||    23
       Potion            |       |       |     1 |       |       ||     1
 Stab: Sleeping          |     1 |     2 |     6 |    16 |     1 ||    26
       Paralysed         |       |     9 |    86 |   216 |    29 ||   340
       Confused          |       |       |     1 |     2 |       ||     3
       Distracted        |       |       |       |     4 |       ||     4
Armor: Robe              |    11 |    37 |    54 |    45 |       ||   147
       Ring mail         |       |       |       |   148 |    20 ||   168
Dodge: Dodged            |    48 |    51 |   126 |   344 |    36 ||   605
